 Dungeon Crawl Stone Soup version 0.28-a0-732-g75e6d9beac (webtiles) character file.

Game seed: 11202472985074972207

825 Ijustatesigmund the Covert (level 7, -2/60 HPs)
             Began as a Gnoll Delver on Oct 29, 2021.
             Slain by a gnoll (11 damage)
             ... on level 4 of the Dungeon.
             The game lasted 00:06:28 (5132 turns).

Ijustatesigmund the Covert (Gnoll Delver)           Turns: 5132, Time: 00:06:29

Health: -2/60      AC: 12    Str: 11    XL:     7   Next: 96%
Magic:  11/11      EV:  7    Int: 11    God:
Gold:   234        SH:  0    Dex: 20    Spells: 11/11 levels left

rFire   . . .      SeeInvis .   a - +1 hand axe
rCold   . . .      Faith    .   (no shield)
rNeg    . . .      Spirit   .   b - +1 chain mail
rPois   +          Reflect  .   (no helmet)
rElec   .          Harm     .   (no cloak)
rCorr   .          Rampage  .   p - +1 pair of gloves
Will    .....                   (no boots)
Stlth   ++........              (no amulet)
HPRegen 0.20/turn               j - ring of poison resistance
MPRegen 0.12/turn               l - +6 ring of dexterity

@: no status effects
A: fangs 1, strong nose, distributed training
a: no special abilities


You were on level 4 of the Dungeon.
You visited 1 branch of the dungeon, and saw 5 of its levels.

You collected 234 gold pieces.

Inventory:

Hand Weapons
 a - a +1 hand axe (weapon)
Armour
 b - a +1 chain mail (worn)
 p - a +1 pair of gloves (worn)
Jewellery
 h - a ring of magical power
 j - a ring of poison resistance (left hand)
 l - a +6 ring of dexterity (right hand)
 n - a ring of protection from cold
 u - a ring of fire
Wands
 g - a wand of digging (3)
Scrolls
 c - a scroll of fog
 d - 2 scrolls of magic mapping
 e - a scroll of fear
 q - a scroll of summoning {unknown}
 s - 5 scrolls of identify
Potions
 f - a potion of cancellation {unknown}
 i - a potion of resistance {unknown}
 k - 2 potions of magic
 m - a potion of flight {unknown}
 o - a potion of ambrosia
 r - a potion of curing {unknown}
 t - a potion of lignification {unknown}


   Skills:
 + Level 7.2 Fighting
 + Level 2.8 Short Blades
 + Level 2.8 Long Blades
 + Level 5.4 Axes
 + Level 2.8 Maces & Flails
 + Level 2.8 Polearms
 + Level 2.8 Staves
 + Level 2.8 Slings
 + Level 2.8 Bows
 + Level 2.8 Crossbows
 + Level 2.8 Throwing
 + Level 2.8 Armour
 + Level 5.4 Dodging
 + Level 10.0 Stealth
 + Level 2.8 Shields
 + Level 2.8 Unarmed Combat
 + Level 2.8 Spellcasting
 + Level 2.3 Conjurations
 + Level 2.3 Hexes
 + Level 2.3 Summonings
 + Level 2.3 Necromancy
 + Level 2.3 Translocations
 + Level 2.3 Transmutations
 + Level 2.3 Fire Magic
 + Level 2.3 Ice Magic
 + Level 2.3 Air Magic
 + Level 2.3 Earth Magic
 + Level 2.3 Poison Magic
 + Level 3.1 Invocations
 + Level 2.8 Evocations


You had 11 spell levels left.
You didn't know any spells.
Your spell library contained the following spells:

 Spells                   Type           Power      Damage    Failure   Level
 Sandblast                Erth           12%        2d6       99%         1
 Ensorcelled Hibernation  Hex/Ice        12%        N/A       100%        2
 Passwall                 Tmut/Erth      5%         N/A       100%        2
 Static Discharge         Conj/Air       6%         N/A       100%        2
 Spider Form              Tmut/Pois      3%         N/A       100%        3
 Stone Arrow              Conj/Erth      12%        3d7       100%        3
 Dispel Undead            Necr           6%         3d8       100%        4
 Sticky Flame             Conj/Fire      6%         2d3       100%        4


Dungeon Overview and Level Annotations

Branches:
Dungeon (5/15)
 Temple: D:4-7

Altars:
The Shining One

Shops:
D:2 *


Innate Abilities, Weirdness & Mutations

You have very sharp teeth.
Your uncanny sense of smell can sniff out nearby items.
Your experience applies equally to all skills.


Message History

You are too injured to fight recklessly!
You are too injured to fight recklessly!
You are too injured to fight recklessly!
You are too injured to fight recklessly!
You are too injured to fight recklessly!
You are too injured to fight recklessly!
You are too injured to fight recklessly!
You are too injured to fight recklessly!
You are too injured to fight recklessly!
You are too injured to fight recklessly!
You are too injured to fight recklessly!
You are too injured to fight recklessly!
You are too injured to fight recklessly!
You are too injured to fight recklessly!
There is a stone staircase leading up here.
The gnoll hits you with a +0 flail.
You climb upwards.
There is a stone staircase leading down here.
You hit the gnoll but do no damage. You bite the gnoll, but do no damage.
The gnoll hits you with a +0 flail.
You hit the gnoll but do no damage. The gnoll hits you with a +0 flail.
You hit the gnoll but do no damage. The gnoll hits you with a +0 flail.
* * * LOW HITPOINT WARNING * * *
You barely miss the gnoll. You bite the gnoll, but do no damage.
The gnoll hits you with a +0 flail.
* * * LOW HITPOINT WARNING * * *
You hit the gnoll.
The gnoll is moderately wounded.
The gnoll hits you with a +0 flail.
* * * LOW HITPOINT WARNING * * *
You hit the gnoll. Your bite misses the gnoll.
The gnoll is heavily wounded.
The gnoll barely misses you.
You hit the gnoll. You bite the gnoll, but do no damage.
The gnoll is severely wounded.
The gnoll hits you but does no damage.
You hit the gnoll.
The gnoll is severely wounded.
The gnoll hits you with a +0 flail!
You die...

#.........##.#......#
#
#.###.##.####...#####
# #........# ##.## #
#####.#### #.# #
###.###### #.# #
#.[......###'## #
#.#.####.##...## #
#.#..# #.#.....## #
#..#@# #........## #
##...g###.........####
#.................'...
##................####
##.#.####.......## #
###.# ##.....## #.#
##...## # #.# ##'## #
#####.# #.########


You could see a gnoll.

Vanquished Creatures
  Grinder (D:4)
  Menkaure (D:4)
  A scorpion (D:4)
  A water moccasin skeleton (D:4)
  2 hounds
  A bullfrog zombie (D:5)
  An orc priest (D:3)
  A bullfrog skeleton (D:5)
  2 iguanas
  A scorpion zombie (D:5)
  A hound skeleton (D:5)
  A gnoll (D:5)
  4 adders
  An ufetubus (D:5)
  3 worms (D:2)
  2 dart slugs
  16 orcs
  11 ball pythons
  5 endoplasms
  7 goblins
  4 hobgoblins
  7 kobolds
  2 quokkas (D:3)
  11 bats
  5 frilled lizards
  A quokka skeleton (D:4)
  7 rats
100 creatures vanquished.

Notes
Turn   | Place    | Note
-------+----------+-------------------------------------------
     0 | D:5      | Reached skill level 9 in Stealth
     0 | D:5      | Ijustatesigmund the Gnoll Delver began the quest for the
                  | Orb.
     0 | D:5      | Reached XP level 1. HP: 23/23 MP: 1/1
    26 | D:5      | Reached XP level 2. HP: 3/29 MP: 2/2
    26 | D:5      | Reached XP level 3. HP: 4/35 MP: 3/3
   332 | D:5      | Reached skill level 1 in Short Blades
   332 | D:5      | Reached skill level 1 in Long Blades
   332 | D:5      | Reached skill level 1 in Maces & Flails
   332 | D:5      | Reached skill level 1 in Polearms
   332 | D:5      | Reached skill level 1 in Staves
   332 | D:5      | Reached skill level 1 in Slings
   332 | D:5      | Reached skill level 1 in Bows
   332 | D:5      | Reached skill level 1 in Crossbows
   332 | D:5      | Reached skill level 1 in Throwing
   332 | D:5      | Reached skill level 1 in Armour
   332 | D:5      | Reached skill level 1 in Shields
   332 | D:5      | Reached skill level 1 in Unarmed Combat
   332 | D:5      | Reached skill level 1 in Spellcasting
   332 | D:5      | Reached skill level 1 in Invocations
   332 | D:5      | Reached skill level 1 in Evocations
   653 | D:5      | Reached XP level 4. HP: 36/41 MP: 5/5
   669 | D:2      | Found a glowing golden altar of the Shining One.
   809 | D:1      | Reached skill level 1 in Conjurations
   809 | D:1      | Reached skill level 1 in Hexes
   809 | D:1      | Reached skill level 1 in Summonings
   809 | D:1      | Reached skill level 1 in Necromancy
   809 | D:1      | Reached skill level 1 in Translocations
   809 | D:1      | Reached skill level 1 in Transmutations
   809 | D:1      | Reached skill level 1 in Fire Magic
   809 | D:1      | Reached skill level 1 in Ice Magic
   809 | D:1      | Reached skill level 1 in Air Magic
   809 | D:1      | Reached skill level 1 in Earth Magic
   809 | D:1      | Reached skill level 1 in Poison Magic
  1687 | D:2      | Found a faded altar of an unknown god.
  1693 | D:2      | Reached XP level 5. HP: 47/47 MP: 6/6
  1796 | D:2      | Found Berycycoah's General Store.
  2977 | D:3      | Reached XP level 6. HP: 52/53 MP: 8/8
  3573 | D:4      | Noticed Grinder
  3584 | D:4      | Paralysed by Grinder for 3 turns
  3610 | D:4      | Killed Grinder
  3611 | D:4      | Reached skill level 5 in Axes
  3611 | D:4      | Reached skill level 5 in Dodging
  3611 | D:4      | Reached XP level 7. HP: 54/59 MP: 8/10
  3959 | D:4      | Noticed Menkaure
  3977 | D:4      | Killed Menkaure
  4673 | D:4      | Reached skill level 10 in Stealth
  5132 | D:4      | Slain by a gnoll

Illustrated notes

Levels and vault maps discovered:
D:1:      nicolae_arrival_somewhat_less_tricky_arrival, layout_loops_cross
D:2:      layout_loops_ring, basic_altar, basic_ecumenical_altar, serial_shops,
          nicolae_shop_stone
D:3:      layout_loops_ring
D:4:      layout_loops_corners, uniq_grinder, uniq_menkaure
D:5:      layout_gridville, st_stairs_6, minmay_tree_intersection,
          kb_lookout_dungeons_type

Skill      XL: |  1  2  3  4  5  6  7 |
---------------+----------------------+-----
Stealth        | 10 | 10.0
Short Blades   | 1 2 |  2.8
Long Blades    | 1 2 |  2.8
Maces & Flails | 1 2 |  2.8
Polearms       | 1 2 |  2.8
Staves         | 1 2 |  2.8
Slings         | 1 2 |  2.8
Bows           | 1 2 |  2.8
Crossbows      | 1 2 |  2.8
Throwing       | 1 2 |  2.8
Armour         | 1 2 |  2.8
Shields        | 1 2 |  2.8
Unarmed Combat | 1 2 |  2.8
Spellcasting   | 1 2 |  2.8
Invocations    | 1 2 3 |  3.1
Evocations     | 1 2 |  2.8
Conjurations   | 1 2 |  2.3
Hexes          | 1 2 |  2.3
Summonings     | 1 2 |  2.3
Necromancy     | 1 2 |  2.3
Translocations | 1 2 |  2.3
Transmutations | 1 2 |  2.3
Fire Magic     | 1 2 |  2.3
Ice Magic      | 1 2 |  2.3
Air Magic      | 1 2 |  2.3
Earth Magic    | 1 2 |  2.3
Poison Magic   | 1 2 |  2.3
Axes           | 5 |  5.4
Dodging        | 5 |  5.4
Fighting       | 7 |  7.2

Action                   |  1- 3 |  4- 6 |  7- 9 || total
-------------------------+-------+-------+-------++-------
Melee: Hand axe          |    34 |   262 |   117 ||   413
       Bite              |     5 |    20 |    14 ||    39
       Punch             |       |     1 |     3 ||     4
  Use: Scroll            |       |     9 |       ||     9
       Potion            |       |     4 |     1 ||     5
 Stab: Sleeping          |     2 |    11 |     1 ||    14
       Invisible         |       |     1 |       ||     1
Armor: Leather armour    |     5 |    11 |       ||    16
       Chain mail        |       |   100 |    65 ||   165
Dodge: Dodged            |    17 |    97 |    33 ||   147

Table legend: (Time is in decaauts)
 A = Elapsed time spent in this place.
 B = Non-inter-level travel time spent in this place.
 C = Inter-level travel time spent in this place.
 D = Time resting spent in this place.
 E = Time spent auto-exploring this place.
 F = Levels seen in this place.
 G = Mean time per level.
                   A        B        C        D        E       F      G
               +--------+--------+--------+--------+--------+-----+--------+
         Total |   5137 |   5045 |     92 |    936 |   3241 |   5 | 1027.4 |
       Dungeon |   5137 |   5045 |     92 |    936 |   3241 |   5 | 1027.4 |
               +--------+--------+--------+--------+--------+-----+--------+

Top non-repeatable levels by time:
     D:4: 1483 daAuts
     D:3: 1121 daAuts
     D:5: 879 daAuts
     D:1: 854 daAuts
     D:2: 798 daAuts
